 Dungeon Crawl Stone Soup version 0.30.0-11-gf55b779eaf (webtiles) character file.

Game seed: 686907020741241151

37 jasper the Stinger (level 3, -4/16 HPs)
             Began as a Spriggan Venom Mage on May 16, 2023.
             Slain by Terence
             ... wielding a +0 mace
              (8 damage)
             ... on level 2 of the Dungeon.
             The game lasted 00:02:24 (842 turns).

jasper the Stinger (Spriggan Venom Mage)             Turns: 842, Time: 00:02:25

Health: -4/16      AC:  2    Str:  4    XL:     3   Next: 23%
Magic:  8/8        EV: 17    Int: 18    God:
Gold:   33         SH:  0    Dex: 15    Spells: 4/7 levels left

rFire   . . .        h - +0 trident (freeze)
rCold   . . .        (shield currently unavailable)
rNeg    . . .        a - +0 robe
rPois   .            (helmet restricted)
rElec   .            (no cloak)
rCorr   .            (gloves unavailable)
SInv    +            (boots unavailable)
Will    .....        (no amulet)
Stlth   ++           (no ring)
HPRegen 0.22/turn    (no ring)
MPRegen 0.11/turn

%: no passive effects
@: flying, very quick
A: very small, no large weapons, unfitting armour, see invisible, speed 3
a: no special abilities


You were on level 2 of the Dungeon.
You visited 1 branch of the dungeon, and saw 2 of its levels.

You collected 33 gold pieces.

Inventory:

Hand Weapons
 c - a +0 war axe
 h - a +0 trident of freezing (weapon)
Armour
 a - a +0 robe (worn)
Scrolls
 e - a scroll of noise
 j - 2 scrolls of poison
Potions
 b - a potion of magic
 d - a potion of might


   Skills:
 - Level 2.6 Dodging
 - Level 3.0 Stealth
 - Level 2.6 Spellcasting
 - Level 1.3 Transmutations
 + Level 4.4 Poison Magic


You had 4 spell levels left.
You knew the following spells:

 Your Spells              Type           Power      Damage    Failure   Level
a - Sting                 Tmut/Pois      48%        1d5       5%          1
b - Poisonous Vapours     Pois/Air       20%        N/A       11%         2

Your spell library contained the following spells:

 Spells                   Type           Power      Damage    Failure   Level
 Mephitic Cloud           Conj/Pois/Air  7%         N/A       28%         3
 Olgreb's Toxic Radiance  Pois           18%        N/A       28%         4


Dungeon Overview and Level Annotations

Branches:
Dungeon (2/15)

Altars:

Shops:
D:1 (=!(

Annotations:
D:2 Terence


Innate Abilities, Weirdness & Mutations

You are very small and have problems with some larger weapons.
You are too small for most types of armour.
You have supernaturally acute eyesight. (SInv)
You cover ground extremely quickly. (Speed+++)


Message History

You closely miss the jackal.
The jackal is moderately wounded.
The jackal barely misses you.
You hit the jackal but do no damage.
The jackal is moderately wounded.
The jackal bites you. The jackal misses you.
You take 1 damage, and have 15/16 hp.
You hit the jackal. You freeze the jackal.
You kill the jackal!
Terence closely misses you.
The sting hits Terence but does no damage.
Terence is poisoned.
Terence barely misses you.
You now have 0/8 mp.
Health restored: 16 A worm comes into view.
Found a forked silver wand.
Found a stone staircase leading down.
Casting: Sting (safe; 5% risk of failure)
Confirm with . or Enter, or press ? or * to list all spells.
Aiming: Sting (safe; 5% risk of failure)
Press: ? - help, Shift-Dir - straight line, f - worm, p - Terence
Aim: a worm (90% to hit)
The sting misses the worm.
You now have 0/8 mp.
You barely miss the worm. The worm closely misses you.
You hit the worm. You freeze the worm.
The worm is moderately wounded.
Terence looks more healthy.
The worm bites you!
Ouch! That really hurt!
You take 9 damage, and have 7/16 hp.
MASSIVE DAMAGE!!
Okay, then.
It was a potion of flight.
You feel very buoyant.
You fly up into the air.
Terence asks, "Do you want it fast or slow?"
Terence misses you. The worm bites you.
* * * LOW HITPOINT WARNING * * *
You take 3 damage, and have 4/16 hp.
Magic courses through your body. Terence hits you with a +0 mace!
Ouch! That really hurt!
You die...

..# ..... ..##
..... ..# .....###
#.#### .....#
########....#
./...
....h........ #>.#
#######......
#w###### #......
#@@h...#####....<.
######....††......
#######...†..
#...... #......
#...... #......
#######


You could see Terence, a worm and a jackal.

Vanquished Creatures
  A worm (D:2)
  5 ball pythons (D:1)
  2 bats (D:1)
  3 endoplasms (D:1)
  2 giant cockroaches (D:1)
  2 goblins (D:1)
  5 hobgoblins
  3 jackals (D:2)
  A quokka (D:1)
  2 kobolds (D:1)
  3 rats (D:1)
29 creatures vanquished.

Notes
Turn   | Place    | Note
-------+----------+-------------------------------------------
     0 | D:1      | jasper the Spriggan Venom Mage began the quest for the Orb.
     0 | D:1      | Reached XP level 1. HP: 9/9 MP: 5/5
    51 | D:1      | Found Hiyckump's Antique Weapon Shop.
   144 | D:1      | Found a faded altar of an unknown god.
   169 | D:1      | Reached XP level 2. HP: 13/13 MP: 4/6
   277 | D:1      | Found Kennim's Distillery.
   315 | D:1      | Found Goizxuff's Weapon Shoppe.
   352 | D:1      | Found Izastyi's Jewellery Boutique.
   437 | D:1      | Reached skill level 4 in Poison Magic
   440 | D:1      | Learned a level 2 spell: Poisonous Vapours
   646 | D:1      | Reached XP level 3. HP: 16/16 MP: 6/8
   809 | D:2      | Noticed Terence
   842 | D:2      | Slain by Terence

Illustrated notes

Levels and vault maps discovered:
D:1:      elethiomel_arrival_quiet, layout_rooms,
          dreamdust_ecumenical_altar_statues, serial_shops, shop,
          nicolae_shop_stone, nicolae_shop_trees, shop
D:2:      layout_rooms, uniq_sigmund, uniq_terence

Skill      XL: |  1  2 |
---------------+-------+-----
Poison Magic   | 4 |  4.4
Dodging        | |  2.6
Stealth        | |  3.0
Spellcasting   | |  2.6
Transmutations | |  1.3

Action                     || total
---------------------------++-------
  Melee: War axe           ||    10
         Trident           ||    20
   Cast: Sting             ||    44
         Poisonous Vapours ||     1
    Use: Scroll            ||     5
         Potion            ||     2
 Armour: Robe              ||     4
  Dodge: Dodged            ||    54
